 Dungeon Crawl Stone Soup version 0.21-a0-346-g330ab2c (webtiles) character file.

56 sausage the Chopper (level 3, -3/43 HPs)
             Began as a Demonspawn Berserker on Oct 5, 2017.
             Was a Believer of Trog.
             Slain by an adder (4 damage)
             ... on level 2 of the Dungeon.
             The game lasted 00:02:09 (1225 turns).

sausage the Chopper (Demonspawn Berserker)          Turns: 1225, Time: 00:02:09

Health: -3/43      AC:  5    Str: 23    XL:     3   Next: 71%
Magic:  3/3        EV: 11    Int:  8    God:    Trog [**....]
Gold:   32         SH:  0    Dex: 12    Spells: 2/2 levels left

rFire    . . .     SeeInvis .   a - +0 hand axe
rCold    + . .     Gourm    .   (no shield)
rNeg     . . .     Faith    .   d - +0 ring mail
rPois    .         Spirit   .   (no helmet)
rElec    .         Reflect  .   (no cloak)
rCorr    .         Harm     .   (no gloves)
MR       .....                  (no boots)
Stlth    ..........             (no amulet)
HPRegen  0.14/turn              (no ring)
MPRegen  0.08/turn              (no ring)

@: berserking, lethally poisoned (-3 -> -11), very quick
A: cold resistance 1, powered by pain 1
a: Berserk, Trog's Hand, Burn Spellbooks, Renounce Religion


You were on level 2 of the Dungeon.
You worshipped Trog.
Trog was pleased with you.
You were hungry.

You visited 1 branch of the dungeon, and saw 2 of its levels.

You collected 32 gold pieces.

Inventory:

Hand Weapons
 a - a +0 hand axe (weapon)
Armour
 d - a +0 ring mail (worn)
Scrolls
 e - 2 scrolls of identify {unknown}
Potions
 f - a potion of might {unknown}
 g - 2 potions of lignification {unknown}
Comestibles
 b - 3 chunks of flesh
 c - a bread ration


   Skills:
 + Level 3.4 Fighting
 * Level 3.8 Axes
 + Level 1.8 Armour
 + Level 2.0 Dodging


You had 2 spell levels left.
You didn't know any spells.

Dungeon Overview and Level Annotations

Branches:
Dungeon (2/15)

Altars:


Innate Abilities, Weirdness & Mutations

Your flesh is cold resistant. (rC+)
You sometimes gain a little power by taking damage.


Message History

You miss the adder.
The adder is severely wounded.
* * * LOW HITPOINT WARNING * * *
You feel sick. The adder bites you but does no damage.
You closely miss the adder.
The adder is severely wounded.
* * * LOW HITPOINT WARNING * * *
You feel sick. The adder closely misses you.
You barely miss the adder.
The adder is severely wounded.
* * * LOW HITPOINT WARNING * * *
You feel sick. The adder completely misses you.
You barely miss the adder.
The adder is severely wounded.
The adder barely misses you.
You closely miss the adder.
The adder is severely wounded.
* * * LOW HITPOINT WARNING * * *
You feel sick. The adder bites you.
You die...

#.##..#######
#.##.........
#.##.#.######
###.##.#.#
#......#.#
#.#.####.# #
#.#.# #.#
#.####.#.#
#.#
#.S@)....#
.#.
#.####.### #
# # ....
##.### #.#
#.# ..# ###


You could see an adder.

Vanquished Creatures
  2 gnolls (D:2)
  An ooze (D:1)
  2 leopard geckos (D:1)
  3 ball pythons (D:1)
  2 giant cockroaches
  4 goblins (D:1)
  A hobgoblin (D:1)
  4 jackals (D:1)
  3 frilled lizards
  5 kobolds (D:1)
  3 rats (D:1)
30 creatures vanquished.

Notes
Turn   | Place    | Note
-------+----------+-------------------------------------------
     0 | D:1      | sausage the Demonspawn Berserker began the quest for the Orb.
     0 | D:1      | Reached XP level 1. HP: 18/18 MP: 1/1
    75 | D:1      | Gained mutation: You sometimes gain a little power by taking damage. [demonic ancestry]
    75 | D:1      | Reached XP level 2. HP: 22/24 MP: 2/2
   935 | D:1      | Gained mutation: Your flesh is cold resistant. (rC+) [demonic ancestry]
   935 | D:1      | Reached XP level 3. HP: 24/29 MP: 3/3
  1050 | D:1      | Reached ** piety under Trog
  1223 | D:2      | HP: 2/43 [poisoned by an adder]
  1225 | D:2      | Slain by an adder

Vault maps used:
D:1:      onia_arrival_handbag, minmay_shallow_snake_nest
D:2:      dancing_weapons_uskayaw, first_bread, minmay_goblin_kobold_house,
          uniq_sigmund

Skill      XL: |  1  2  3 |
---------------+----------+-----
Axes           | 3 |  3.8
Dodging        | 2 |  2.0
Fighting       | |  3.4
Armour         | |  1.8

Action                   || total
-------------------------++-------
Melee: Hand axe          ||   127
Invok: Berserk           ||     1
 Stab: Sleeping          ||     1
  Eat: Chunk             ||     1
Armor: Animal skin       ||    10
       Ring mail         ||    18
Dodge: Dodged            ||    89

Table legend:
 A = Spawn XP
 B = Non-spawn XP
 C = Spawn XP percentage of total XP
 D = Spawn monster count
 E = Non-spawn monster count
 F = Spawn count percentage of total count
 G = Total turns spent on level
                    A         B        C        D         E        F      G
               +---------+---------+-------+---------+---------+-------+---------
         Total |       0 |      81 |   0.0 |       0 |      30 |   0.0 |  1225
               +---------+---------+-------+---------+---------+-------+---------
           D:1 |       0 |      49 |   0.0 |       0 |      25 |   0.0 |  1132
           D:2 |       0 |      32 |   0.0 |       0 |       5 |   0.0 |    93
               +---------+---------+-------+---------+---------+-------+---------
